 Dungeon Crawl Stone Soup version 0.29.0-5-ge4962eb29e (webtiles) character file.

Game seed: 18212845628496931418

2060 sanka the Nimble (level 9, 0/81 HPs)
             Began as a Meteoran Hedge Wizard on Aug 29, 2022.
             Was a Believer of Okawaru.
             Succumbed to an orc's poison
             ... on level 7 of the Dungeon.
             The game lasted 00:18:14 (3186 turns).

sanka the Nimble (Meteoran Hedge Wizard)            Turns: 3186, Time: 00:18:15

Health: 0/81       AC:  6    Str: 13    XL:     9   Next: 78%
Magic:  16/16      EV: 35    Int: 27    God:    Okawaru [**....]
Gold:   263        SH:  0    Dex: 13    Spells: 10/16 levels left

rFire   . . .      SeeInvis .   s - +7 whip "Jimetz" {venom, Int+7}
rCold   . . .      Faith    .   (no shield)
rNeg    . . .      Spirit   .   I - +0 steam dragon scales
rPois   .          Reflect  .   r - +0 helmet
rElec   .          Harm     .   (no cloak)
rCorr   .          Rampage  .   (no gloves)
Will    +....                   (no boots)
Stlth   +.........              o - amulet of the acrobat
HPRegen 0.23/turn               G - +4 ring of evasion
MPRegen 0.15/turn               q - +4 ring of slaying

@: lethally poisoned (0 -> -7), on berserk cooldown, acrobatic, attractive,
hasted and slowed, glowing
A: sense surroundings 2, otherworldly, glowing, explore regen
a: Renounce Religion, Heroism


You were on level 7 of the Dungeon.
You worshipped Okawaru.
Okawaru was pleased with you.
You visited 2 branches of the dungeon, and saw 8 of its levels.

You collected 263 gold pieces.


Innate Abilities, Weirdness & Mutations

You passively map the area around you.
You are easily found by Zot.
You glow in the dark.
You regain HP and MP as you explore.


   Skills:
 + Level 8.2 Fighting
 + Level 9.4 Dodging
 - Level 1.4 Stealth
 - Level 2.9 Unarmed Combat
 - Level 4.0 Spellcasting
 - Level 2.0 Conjurations
 - Level 2.0 Hexes
 - Level 2.0 Summonings
 - Level 1.2 Translocations
 - Level 4.0 Invocations


You had 10 spell levels left.
You knew the following spells:

 Your Spells              Type           Power      Damage    Failure   Level
b - Blink                 Tloc           24%        N/A       8%          2
c - Slow                  Hex            64%        N/A       3%          1
x - Call Imp              Summ           16%        N/A       5%          2
z - Magic Dart            Conj           64%        1d6       3%          1

Your spell library contained the following spells:

 Spells                   Type           Power      Damage    Failure   Level
 Conjure Flame            Conj/Fire      10%        6-21      16%         3
 Inner Flame              Hex/Fire       10%        N/A       16%         3
 Mephitic Cloud           Conj/Pois/Air  9%         N/A       19%         3
 Cause Fear               Hex            8%         N/A       34%         4
 Airstrike                Air            2%         2d(1-17)  61%         4
 Lightning Bolt           Conj/Air       5%         1d17      82%         5
 Discord                  Hex            8%         N/A       100%        8
 Summon Lightning Spire   Summ/Air       Unusable   N/A       N/A         4

Inventory:

Hand Weapons
 a - a +0 dagger
 s - the +7 whip "Jimetz" (weapon) {venom, Int+7}

   It poisons the flesh of those it strikes.
   Int:       It affects your intelligence (+7).
Missiles
 k - a throwing net {=f}
Armour
 r - a +0 helmet (worn)
 I - +0 steam dragon scales (worn)
Magical Staves
 p - a staff of earth
Jewellery
 o - an amulet of the acrobat (around neck)
 q - a +4 ring of slaying (right hand)
 G - a +4 ring of evasion (left hand)
Wands
 y - a wand of paralysis (10)
 B - a wand of acid (7)
 D - a wand of flame (7)
Scrolls
 e - 2 scrolls of brand weapon
 h - 2 scrolls of enchant weapon
 l - a scroll of poison {unknown}
 w - a scroll of butterflies {unknown}
 x - 2 scrolls of magic mapping {unknown}
 A - 3 scrolls of noise {unknown}
 C - a scroll of vulnerability {unknown}
 E - 2 scrolls of amnesia {unknown}
 F - 2 scrolls of fear {unknown}
 H - a scroll of enchant armour {unknown}
Potions
 d - a potion of magic
 f - 4 potions of cancellation
 g - 2 potions of haste {@q3}
 i - a potion of invisibility {unknown}
 m - a potion of mutation {unknown}
 n - 2 potions of attraction {!q}
 t - a potion of heal wounds {unknown}
 u - a potion of degeneration {unknown}
 v - a potion of curing {unknown}
 z - a potion of flight {unknown}

Dungeon Overview and Level Annotations

Branches:
Dungeon (7/15) Zot: 1038   Temple (1/1) D:4 Zot: 567

Altars:
Cheibriados
Fedhas
Gozag
Nemelex Xobeh
Okawaru
Qazlal
Sif Muna
Vehumet
Jiyva

Shops:
D:2 =   D:3 *   D:4 * D:6

( ▒▒ , ░ , .. ▒.▒▒▒▒ ░
......., . ░▒▒.▒.. ,,
....... . ░.....▒ ░ ░ ░,
,....?.. ░▒▒.▒▒▒.▒▒▒▒▒▒
....... , ░░
▒▒▒..▒▒...▒...▒▒ ,)...... ░
....▒▒.........▒▒ ,....... ,
.▒▒.............▒▒▒▒▒[......
, ................p.[)).▒ ░
....▒..........)▒▒▒▒▒▒▒
▒▒▒▒▒▒.........▒▒
▒▒...▒...▒▒ ▒▒▒▒▒▒▒▒▒


There were no monsters in sight!


Message History

It was a potion of attraction.
You feel attractive to monsters.
* * * LOW HITPOINT WARNING * * *
You feel very sick.
It was a potion of haste.
You feel yourself speed up.
* * * LOW HITPOINT WARNING * * *
You feel very sick.
It was a potion of berserk rage.
A red film seems to cover your vision as you go berserk!
You feel yourself moving faster!
You feel mighty!
* * * LOW HITPOINT WARNING * * *
You feel sick.
You are too berserk!
You feel a strong urge to attack something.
* * * LOW HITPOINT WARNING * * *
You feel sick.
Items here: )))) [ ††.
* * * LOW HITPOINT WARNING * * *
You feel sick.
Things that are here:
a +0 robe; a +0 dagger; an orc corpse You feel your anger nearly subside.
* * * LOW HITPOINT WARNING * * *
You feel sick.
You are no longer berserk.
You are exhausted.
You feel yourself slow down.
You die...

Action                   |  1- 3 |  4- 6 |  7- 9 || total
-------------------------+-------+-------+-------++-------
Melee: Dagger            |    19 |    29 |       ||    48
       Punch             |     1 |       |     4 ||     5
       Whip              |       |    35 |   168 ||   203
 Cast: Magic Dart        |    51 |     5 |       ||    56
       Call Imp          |     5 |     6 |       ||    11
Invok: Heroism           |       |       |     5 ||     5
  Use: Scroll            |       |     3 |       ||     3
       Potion            |       |       |     4 ||     4
 Stab: Distracted        |     1 |       |       ||     1
       Sleeping          |       |       |     1 ||     1
Armor: Robe              |     6 |    16 |    17 ||    39
       Steam dragon scal |       |       |    20 ||    20
Dodge: Dodged            |    19 |    39 |   143 ||   201

Levels and vault maps discovered:
D:1:      dpeg_arrival_tiny_a, layout_basic
D:2:      layout_basic, serial_shops, nicolae_shop_advertising_works
          [nicolae_subvault_shop_adworks], minmay_misc_feat_square,
          hangedman_glass_teeth, uniq_terence
D:3:      layout_loops_cross, amcnicky_altar_gilded, serial_shops, shop,
          kennysheep_generic_room_13
D:4:      layout_loops_ring, grunt_temple_overflow_forces_of_nature,
          minmay_temple_entry_overgrown, minmay_shop_damaged,
          hangedman_abyss_or_decor_stabs, chequers_arboretum,
          minmay_goblin_kobold_house
D:5:      layout_basic, solitary_fountain, kennysheep_donut,
          roderic_nine_men_s_morris
D:6:      layout_cave_pools, serial_shops, nicolae_shop_bloodbath_and_beyond,
          kennysheep_generic_room_9
D:7:      layout_rooms, nemelex_dance_club_becter
Temple:   pf_slime_end_temple

Notes
Turn   | Place    | Note
-------+----------+-------------------------------------------
     0 | D:1      | sanka the Meteoran Hedge Wizard began the quest for the
                  | Orb.
     0 | D:1      | Reached XP level 1. HP: 14/14 MP: 6/6
    60 | D:1      | Reached skill level 1 in Unarmed Combat
    67 | D:1      | Reached XP level 2. HP: 16/20 MP: 1/8
   157 | D:1      | Reached skill level 2 in Unarmed Combat
   165 | D:1      | Learned a level 2 spell: Blink
   168 | D:1      | Learned a level 2 spell: Call Imp
   170 | D:1      | Learned a level 1 spell: Slow
   331 | D:2      | Reached XP level 3. HP: 26/26 MP: 0/9
   553 | D:2      | Reached skill level 1 in Hexes
   559 | D:2      | Found Voeskasch's Jewellery Boutique.
   734 | D:3      | Found Nites's General Store.
   740 | D:3      | Reached skill level 2 in Conjurations
   740 | D:3      | Reached skill level 2 in Summonings
   740 | D:3      | Reached XP level 4. HP: 30/33 MP: 7/11
   943 | D:3      | Found an opulent altar of Gozag.
  1013 | D:3      | Identified the +7 whip "Jimetz" {venom, Int+7}
  1069 | D:3      | Reached skill level 2 in Hexes
  1238 | D:4      | Found a stormy altar of Qazlal.
  1251 | D:4      | Found a blossoming altar of Fedhas.
  1260 | D:4      | Noticed a necrophage
  1289 | D:4      | Killed a necrophage
  1290 | D:4      | Reached skill level 1 in Fighting
  1290 | D:4      | Reached skill level 3 in Dodging
  1290 | D:4      | Reached XP level 5. HP: 35/41 MP: 9/12
  1297 | D:4      | Reached skill level 2 in Fighting
  1297 | D:4      | Reached XP level 6. HP: 39/49 MP: 10/13
  1371 | D:4      | Reached skill level 3 in Fighting
  1371 | D:4      | Reached skill level 4 in Dodging
  1402 | D:4      | Found Muish's Lightly-Used Armoury.
  1441 | D:4      | Noticed a black bear
  1448 | D:4      | Killed a black bear
  1449 | D:4      | Reached skill level 5 in Dodging
  1449 | D:4      | Reached XP level 7. HP: 42/58 MP: 12/14
  1480 | D:4      | Found a staircase to the Ecumenical Temple.
  1490 | Temple   | Entered the Ecumenical Temple
  1508 | Temple   | Became a worshipper of Warmaster Okawaru
  1639 | D:5      | Entered Level 5 of the Dungeon
  1649 | D:5      | Reached skill level 4 in Fighting
  2397 | D:5      | Reached skill level 6 in Dodging
  2397 | D:5      | Reached XP level 8. HP: 22/67 MP: 15/15
  2497 | D:6      | Reached skill level 5 in Fighting
  2540 | D:6      | Reached * piety under Okawaru
  2587 | D:6      | Noticed a steam dragon
  2597 | D:6      | Killed a steam dragon
  2597 | D:6      | Identified +0 steam dragon scales
  2649 | D:6      | Reached skill level 6 in Fighting
  2649 | D:6      | Reached skill level 7 in Dodging
  2661 | D:6      | Reached skill level 1 in Invocations
  2680 | D:6      | Reached skill level 2 in Invocations
  2693 | D:6      | Found Xoeke's Weapon Shoppe.
  2714 | D:6      | Reached skill level 3 in Invocations
  2714 | D:6      | Gained mutation: You passively map the area around you.
                  | [Meteoran growth]
  2714 | D:6      | Reached XP level 9. HP: 49/78 MP: 14/16
  2765 | D:6      | Reached skill level 4 in Invocations
  2767 | D:6      | Reached skill level 8 in Dodging
  2871 | D:6      | Reached ** piety under Okawaru
  2966 | D:7      | Reached skill level 7 in Fighting
  3086 | D:7      | Reached skill level 9 in Dodging
  3094 | D:7      | Found a sparkling altar of Nemelex Xobeh.
  3160 | D:7      | Reached skill level 8 in Fighting
  3181 | D:7      | HP: 5/81 [poisoned by an orc]
  3185 | D:7      | HP: 2/121 [poisoned by an orc]
  3186 | D:7      | Succumbed to an orc's poison

Vanquished Creatures
  A wyvern (D:7)
  A steam dragon (D:6)
  A black bear (D:4)
  An ice beast (D:6)
  A sky beast (D:7)
  6 ogres
  A centaur (D:5)
  A phantom (D:4)
  A scorpion (D:7)
  2 necrophages
  A bullfrog (D:6)
  A howler monkey (D:4)
  A jelly (D:6)
  3 hounds (D:5)
  3 orc priests
  A gnoll bouda (D:6)
  An iguana (D:5)
  4 orc wizards
  6 adders
  3 gnolls (D:6)
  3 shadow imps
  2 white imps (D:6)
  3 worms
  A dart slug (D:4)
  13 orcs
  5 ball pythons
  6 endoplasms
  6 giant cockroaches
  2 goblins (D:4)
  8 hobgoblins
  A quokka (D:3)
  3 bats
  2 frilled lizards
  3 kobolds
  3 rats
101 creatures vanquished.

Vanquished Creatures (collateral kills)
  An orc (D:3)
  A hobgoblin (D:3)
2 creatures vanquished.

Vanquished Creatures (others)
  An orc wizard (D:7)
  A fungus (D:4)
  2 plants (D:4)
4 creatures vanquished.

Grand Total: 107 creatures vanquished
